 Dungeon Crawl Stone Soup version 0.21-b1-23-g1fb0a74 (webtiles) character file.

756 HillaryClinton the Skirmisher (level 7, -3/56 HPs)
             Began as a Demonspawn Fighter on Jan 5, 2018.
             Was an Initiate of Ashenzari.
             Slain by laceratedsky's ghost (4 damage)
             ... on level 5 of the Dungeon.
             The game lasted 00:08:32 (5997 turns).

HillaryClinton the Skirmisher (Demonspawn Fighter)  Turns: 5997, Time: 00:08:33

Health: -3/56      AC: 16    Str: 17    XL:     7   Next: 50%
Magic:  0/16       EV:  7    Int:  9    God:    Ashenzari [......]
Gold:   233        SH: 10    Dex: 18    Spells: 6/6 levels left

rFire    . . .     SeeInvis .   v - +0 war axe
rCold    . . .     Gourm    .   c - +0 shield
rNeg     . . .     Faith    .   b - +0 scale mail
rPois    +         Spirit   +   (helmet restricted)
rElec    .         Reflect  .   (no cloak)
rCorr    .         Harm     .   (no gloves)
MR       .....                  (no boots)
Stlth    ..........             s - amulet of magic regeneration (curse)
HPRegen  0.18/turn              m - ring of magical power (curse)
MPRegen  0.40/turn              k - +4 ring of dexterity (curse)

@: sanguine armour
A: antennae 1, poison resistance, screaming 1, magic shield, sanguine armour 2
a: Curse Item, Renounce Religion


You were on level 5 of the Dungeon.
You worshipped Ashenzari.
Ashenzari was noncommittal.
You were not hungry.

You visited 2 branches of the dungeon, and saw 6 of its levels.

You collected 233 gold pieces.

Inventory:

Hand Weapons
 a - a +0 war axe
 v - a +0 war axe (weapon)
Missiles
 e - 3 javelins of returning (quivered)
Armour
 b - a +0 scale mail (worn)
 c - a +0 shield (worn)
Jewellery
 k - a cursed +4 ring of dexterity (right hand)
 m - a cursed ring of magical power (left hand)
 s - a cursed amulet of magic regeneration (around neck)
 z - an uncursed ring of wizardry
Wands
 w - a wand of flame (28)
Scrolls
 g - a scroll of magic mapping {unknown}
 i - a scroll of random uselessness {unknown}
 j - 10 scrolls of identify {unknown}
 l - a scroll of enchant armour {unknown}
 n - 3 scrolls of teleportation {unknown}
 q - a scroll of noise {unknown}
 y - a scroll of remove curse
Potions
 o - a potion of resistance
 r - a potion of mutation
 u - a potion of ambrosia
Books
 p - a book of Misfortune

   Spells                             Type                      Level
   a - Confusing Touch                Hexes                        1
   b - Confuse                        Hexes                        3
   c - Gell's Gravitas                Translocation                3
   d - Petrify                        Transmutation/Earth          4
   e - Metabolic Englaciation         Hexes/Ice                    5
   f - Yara's Violent Unravelling     Hexes/Transmutation          5
Comestibles
 f - 5 rations


   Skills:
 + Level 5.1 Fighting
 + Level 4.1 Axes
 + Level 4.6 Armour
 + Level 4.6 Shields


You had 6 spell levels left.
You didn't know any spells.

Dungeon Overview and Level Annotations

Branches:
Dungeon (5/15)             Temple (1/1) D:4

Altars:
Ashenzari
Cheibriados
Dithmenos
Elyvilon
Fedhas
Hepliaklqana
Kikubaaqudgha
Makhleb
Nemelex Xobeh
Okawaru
Qazlal
Ru
Sif Muna
Trog
Uskayaw
Vehumet
Xom
Yredelemnul
Zin
The Shining One

Shops:
D:4 [

Annotations:
D:5 laceratedsky's ghost, novice MiBe


Innate Abilities, Weirdness & Mutations

You have a pair of small antennae on your head.
When hurt, damage is shared between your health and your magic reserves.
When seriously injured, your bleeding wounds create thick armour. (AC +9)
Your system is resistant to poisons. (rPois)
You occasionally shout uncontrollably at your foes.


Message History

You hit laceratedsky's ghost but do no damage.
Laceratedsky's ghost is lightly damaged.
You hit the centaur.
The centaur hits you but does no damage.
You block laceratedsky's ghost's attack.
You block the centaur's attack.
You hit laceratedsky's ghost but do no damage.
Laceratedsky's ghost is lightly damaged.
You barely miss the centaur.
The centaur hits you but does no damage.
Laceratedsky's ghost barely misses you. The centaur hits you.
* * * LOW HITPOINT WARNING * * *
You barely miss laceratedsky's ghost.
Laceratedsky's ghost is lightly damaged.
You hit the centaur but do no damage. You block the centaur's attack.
Laceratedsky's ghost mumbles, "They all look like pillowcases to me..."
Laceratedsky's ghost hits you but does no damage.
The centaur hits you but does no damage.
Laceratedsky's ghost hits you.
You die...

#
#.#.....##..##.[.
#.#.....#(.......
#
#......(.....##..
#
##...(..###......
# ##.....# .###.#
###(#####.# #
####(.......
#..cW.......
#.######@..###..
#......((.......
$......(...###.#
#.######.......
.........
.(.....#.
#....##.# .....#
.# ...#.# #


You could see a centaur and laceratedsky's ghost.

Vanquished Creatures
  Sigmund (D:3)
  A howler monkey (D:4)
  2 orc priests (D:5)
  A bullfrog skeleton (D:4)
  Terence (D:3)
  Natasha (twice) (D:3)
  3 worker ants
  5 orc wizards
  4 gnolls (D:4)
  4 adders
  3 oozes
  3 worms
  4 dart slugs
  A leopard gecko (D:4)
  12 orcs
  10 bats
  6 giant cockroaches
  7 goblins
  4 hobgoblins
  3 jackals (D:2)
  2 quokkas (D:3)
  5 frilled lizards
  6 kobolds
  2 rats (D:3)
92 creatures vanquished.

Notes
Turn   | Place    | Note
-------+----------+-------------------------------------------
     0 | D:1      | HillaryClinton the Demonspawn Fighter began the quest for the Orb.
     0 | D:1      | Reached XP level 1. HP: 18/18 MP: 1/1
   288 | D:1      | Gained mutation: When seriously injured, your bleeding wounds create armour. (AC +9) [demonic ancestry]
   288 | D:1      | Reached XP level 2. HP: 24/24 MP: 2/2
   662 | D:2      | Reached XP level 3. HP: 21/29 MP: 3/3
  1113 | D:2      | Found a blossoming altar of Fedhas.
  1179 | D:3      | Noticed Sigmund
  1196 | D:3      | Killed Sigmund
  1196 | D:3      | Reached skill level 4 in Fighting
  1196 | D:3      | Reached XP level 4. HP: 14/37 MP: 4/4
  1196 | D:3      | Gained mutation: You have a pair of small antennae on your head. [demonic ancestry]
  1196 | D:3      | Reached XP level 5. HP: 16/42 MP: 5/5
  1817 | D:3      | Noticed Natasha
  1835 | D:3      | Killed Natasha
  1835 | D:3      | Gained mutation: When hurt, damage is shared between your health and your magic reserves. [demonic ancestry]
  1835 | D:3      | Reached XP level 6. HP: 34/48 MP: 6/6
  1978 | D:3      | Noticed Natasha
  1987 | D:3      | Killed Natasha
  2106 | D:3      | Noticed Terence
  2122 | D:3      | Killed Terence
  2414 | D:4      | Found a staircase to the Ecumenical Temple.
  2421 | D:4      | Found Tosenete's Antique Armour Emporium.
  2423 | Temple   | Entered the Ecumenical Temple
  2639 | Temple   | Became a worshipper of Ashenzari the Shackled
  2828 | D:4      | Gained mutation: When seriously injured, your bleeding wounds create thick armour. (AC +9) [demonic ancestry]
  2828 | D:4      | Reached XP level 7. HP: 43/55 MP: 7/7
  3102 | D:4      | Found a sacrificial altar of Ru.
  3696 | D:5      | Entered Level 5 of the Dungeon
  3703 | D:5      | Noticed laceratedsky's ghost (novice MiBe)
  3850 | D:5      | Reached skill level 5 in Fighting
  5341 | D:4      | Gained mutation: You occasionally shout uncontrollably at your foes. [potion of mutation]
  5341 | D:4      | Gained mutation: Your system is resistant to poisons. (rPois) [potion of mutation]
  5996 | D:5      | HP: 1/56 [centaur (3)]
  5997 | D:5      | Slain by laceratedsky's ghost

Skill      XL: |  1  2  3  4  5  6  7 |
---------------+----------------------+-----
Axes           | 2 3 4 |  4.1
Armour         | 3 4 |  4.6
Shields        | 3 4 |  4.6
Fighting       | 4 5 |  5.1

Action                   |  1- 3 |  4- 6 |  7- 9 || total
-------------------------+-------+-------+-------++-------
Melee: War axe           |   103 |   166 |   145 ||   414
Invok: Curse Item        |       |     3 |       ||     3
  Use: Potion            |       |       |     7 ||     7
  Eat: Chunk             |     1 |     5 |     2 ||     8
       Ration            |       |       |     3 ||     3
Armor: Scale mail        |    90 |    67 |    60 ||   217
Dodge: Dodged            |    38 |    37 |    26 ||   101
Block: Shield            |    68 |    94 |    85 ||   247
